[Event "*** Titled Tuesday Blitz"]
[Site "Chess.com"]
[Date "2019.09.03"]
[Round "8"]
[White "Kanthecarowin"]
[Black "ENEASZ"]
[Result "1-0"]
[WhiteElo "2412"]
[BlackElo "2535"]
[TimeControl "180+2"]
[EndTime "16:50:35 PDT"]
[Termination "Kanthecarowin won by resignation"]

1. d4 Nf6 2. c4 g6 3. Nc3 d5 4. Nf3 Bg7 5. Bg5 Ne4 6. cxd5 Nxg5 7. Nxg5 e6 8. Qd2 exd5 9. Qe3+ Kf8 10. Qf4 Bf6 11.
h4 h6 12. Nxd5 Bxg5 13. Qe5 f6 14. Qxc7 Qxd5 15. Qxc8+ Kf7 16. Qc7+ Nd7 17. e3 Rac8 18. Bc4 Qxc4 19. Qxd7+ Kg8 20. hxg5 Rh7 21. Qd6 fxg5 22. Qxg6+ Rg7 23. Qxh6 g4 24. Rh5 Rc6 25. Qh8+ Kf7 26. Rf5+ Rf6 27. Rxf6+ Kxf6 28. Qf8+ Rf7 29. Qd6+ Kg7 30.
Rd1 Qc2 31. Qg3 Qxb2 32. Qxg4+ Kf8 33. Qe2 Qb4+ 34. Kf1 a5 35. d5 a4 36. d6 Ke8 37.
Qh5 Qb5+ 38. Qxb5+ 1-0

[Event "*** Titled Tuesday Blitz"]
[Site "Chess.com"]
[Date "2019.09.03"]
[Round "8"]
[White "Lunaticx"]
[Black "Niclox"]
[Result "1-0"]
[WhiteElo "2842"]
[BlackElo "2647"]
[TimeControl "180+2"]
[EndTime "16:50:37 PDT"]
[Termination "Lunaticx won on time"]

1. e4 c5 2. Nf3 d6 3. d4 cxd4 4.
Nxd4 Nf6 5. Nc3 g6 6. Be3 Bg7 7. f3 O-O 8. Qd2 Nc6 9. O-O-O Nxd4 10. Bxd4 Be6 11. h4 Qa5 12. Kb1 Rfc8 13. h5 Rxc3 14. Qxc3 Qxa2+ 15. Kc1 Bh6+ 16. Be3 Rc8 17. Qxc8+ Bxc8 18.
Bxh6 Nxh5 19. Bd3 Qa1+ 20. Kd2 Qxb2 21. Rb1 Qe5 22. Rb5 Qg3 23. Rhxh5 e5 24. Rg5 Qh2 25. Ke2 f6 26. Bc4+ Kh8 27. Bf8 1-0

[Event "*** Titled Tuesday Blitz"]
[Site "Chess.com"]
[Date "2019.09.03"]
[Round "8"]
[White "Kimster98"]
[Black "Caisachess"]
[Result "1-0"]
[WhiteElo "2600"]
[BlackElo "2286"]
[TimeControl "180+2"]
[EndTime "16:50:54 PDT"]
[Termination "Kimster98 won by resignation"]

1. e4 e5 2. Nf3 Nc6 3. Bb5 f5 4. d3 fxe4 5. dxe4 Nf6 6. Be3 Bb4+ 7.
c3 Be7 8. Bc4 d6 9. Ng5 Rf8 10.
Nxh7 Nxh7 11. Qh5+ Kd7 12. Qh3+ Ke8 13. Qh5+ Kd7 14.
Qxh7 Bf6 15. Nd2 Ke7 16. Qg6 Na5 17. Bg5 Nxc4 18. Qxg7+ Ke6 19. Bxf6 Rxf6 20. Nxc4 Bd7 21.
Ne3 Bc6 22. f3 Qe8 23. O-O-O Rc8 24. Nd5 Rg6 25. Nxc7+ 1-0

[Event "*** Titled Tuesday Blitz"]
[Site "Chess.com"]
[Date "2019.09.03"]
[Round "8"]
[White "GadimbayliA"]
[Black "johnathan113"]
[Result "1-0"]
[WhiteElo "2883"]
[BlackElo "2777"]
[TimeControl "180+2"]
[EndTime "16:51:11 PDT"]
[Termination "GadimbayliA won on time"]

1. e4 c5 2. Nf3 g6 3. d4 cxd4 4. Qxd4 Nf6 5. Nc3 Nc6 6. Qa4 d6 7. e5 dxe5 8. Nxe5 Bg7 9. Nxc6 bxc6 10. Qxc6+ Bd7 11. Qf3 O-O 12. Bc4 Rc8 13. Bb3 Bg4 14. Qd3 Qxd3 15. cxd3 Rfd8 16. O-O Rxd3 17. Be3 a6 18. h3 Bf5 19. Rad1 e5 20. g4 Rxd1 21. Rxd1 Be6 22. Bxe6 fxe6 23. Rd6 Rb8 24. Bc1 Rc8 25.
Rxe6 Ne4 26. Nxe4 Rxc1+ 27. Kg2 Rc2 28. Rxa6 Rxb2 29. a4 Rb6 30. Ra8+ 1-0

[Event "*** Titled Tuesday Blitz"]
[Site "Chess.com"]
[Date "2019.09.03"]
[Round "8"]
[White "Alexander_Moskalenko"]
[Black "jlucasvf"]
[Result "1/2-1/2"]
[WhiteElo "2831"]
[BlackElo "2702"]
[TimeControl "180+2"]
[EndTime "16:51:12 PDT"]
[Termination "Game drawn by agreement"]

1. c4 Nf6 2. Nc3 c5 3. Nf3 Nc6 4. e3 g6 5. d4 cxd4 6. exd4 d5 7. cxd5 Nxd5 8. Qb3 e6 9. Bb5 Bg7 10. Bg5 Qa5 11.
O-O O-O 12. Nxd5 exd5 13. Bxc6 bxc6 14. Rfe1 Be6 15. Qc2 Rfc8 16. Be7 Bf5 17. Qc5 Qxc5 18. Bxc5 a5 19. Rac1 a4 20. h3 Rab8 21. Ba3 Be4 22. Ne5 Bxe5 23. dxe5 c5 24. f3 Bf5 25. Rc3 d4 26. Rxc5 Rxc5 27. Bxc5 Rxb2 28. g4 Rb1 29. Kf2 Rxe1 30. Kxe1 Be6 31. a3 Bd5 32. f4 d3 33.
Kf2 Be6 34. Bb4 h5 35. Kf3 hxg4+ 36. hxg4 Bb3 37. f5 gxf5 38. gxf5 Ba2 39. Kf4 Kg7 40. Bc3 Kf8 41. Kg5 Ke8 42. Kf6 Bb3 43. Bd2 Ba2 44. e6 fxe6 45. fxe6 Bb3 46. e7 Ba2 47. Bb4 Bb3 48. Ke5 Bc2 49. Kd4 Kd7 50.
Kc3 Ke8 51. Kd2 Kd7 52. Bc5 Ke8 53. Bb4 Kd7 54. Bc3 Kxe7 55. Bb4+ Ke6 56. Bc3 1/2-1/2

[Event "*** Titled Tuesday Blitz"]
[Site "Chess.com"]
[Date "2019.09.03"]
[Round "8"]
[White "iturrizaga"]
[Black "joshdaruca"]
[Result "1-0"]
[WhiteElo "2933"]
[BlackElo "2727"]
[TimeControl "180+2"]
[EndTime "16:51:16 PDT"]
[Termination "iturrizaga won by resignation"]

1. c4 c5 2. g3 Nc6 3. Bg2 g6 4. Nc3 Bg7 5. Nf3 e6 6. d4 Nxd4 7. Nxd4 cxd4 8. Ne4 d6 9. Qa4+ Kf8 10. Qa3 Ne7 11.
Nxd6 Be5 12. Bf4 Bxf4 13. gxf4 Kg7 14. Rd1 Nf5 15. Nxf5+ exf5 16. e3 Be6 17. Rxd4 Qc7 18. O-O a6 19. Rfd1 Rhd8 20. Qc3 Kg8 21. h3 h5 22.
Rxd8+ Rxd8 23. Rxd8+ Qxd8 24. Bxb7 Qd1+ 25. Kg2 Qa4 26.
b3 Qxa2 27. Bd5 Bxd5+ 28. cxd5 Qb1 29. Qc4 Qd1 30. b4 h4 31. Qc6 Kg7 32. d6 Kf6 33.
Qc3+ Ke6 34. Qe5+ Kd7 35. Qe7+ Kc6 36. Qc7+ Kb5 37. d7 Qd5+ 38. e4 Qxe4+ 39. Kh2 Qf3 40. Qc5+ Ka4 41. d8=Q Qxf4+ 42. Kg1 Qg5+ 43. Qxg5 1-0

[Event "*** Titled Tuesday Blitz"]
[Site "Chess.com"]
[Date "2019.09.03"]
[Round "8"]
[White "albano87"]
[Black "juniortay"]
[Result "1-0"]
[WhiteElo "2101"]
[BlackElo "2406"]
[TimeControl "180+2"]
[EndTime "16:51:16 PDT"]
[Termination "albano87 won by checkmate"]

1. d4 Nf6 2. Nc3 d5 3. Bg5 Nbd7 4. Qd3 c6 5. O-O-O Qa5 6. Kb1 e6 7. Nf3 Bb4 8. Bd2 Qc7 9. g4 Nxg4 10. Rg1 Nxf2 11. Qe3 Nxd1 12. Nxd1 Bxd2 13. Qxd2 Rg8 14. Nc3 b6 15. e4 dxe4 16. Nxe4 Bb7 17. Qg5 h6 18.
Qh4 f5 19. Qh5+ g6 20. Rxg6 O-O-O 21. Nc3 Qf4 22. a3 Rxg6 23. Qxg6 Qxf3 24. Bc4 Nf8 25. Qxh6 Kb8 26. Qf6 Rc8 27. h4 f4 28. Be2 Qh1+ 29.
Ka2 Qh2 30. h5 Nd7 31. Qxe6 Rd8 32. Qd6+ Ka8 33. Qc7 Qh4 34. Bg4 f3 35. Bxf3 Qe7 36. Bxc6 Qe6+ 37. d5 Qe7 38. Qxb7# 1-0

[Event "*** Titled Tuesday Blitz"]
[Site "Chess.com"]
[Date "2019.09.03"]
[Round "8"]
[White "rikyshi"]
[Black "Faustregel"]
[Result "0-1"]
[WhiteElo "2222"]
[BlackElo "2516"]
[TimeControl "180+2"]
[EndTime "16:51:19 PDT"]
[Termination "Faustregel won by resignation"]

1. e4 c5 2. Nf3 d6 3. c3 Nf6 4. Be2 Nc6 5. d4 cxd4 6. cxd4 Bg4 7.
d5 Bxf3 8. gxf3 Ne5 9. f4 Ned7 10. Nc3 g6 11. Be3 Bg7 12. Bd4 O-O 13. Bf3 Qa5 14. O-O Rfc8 15. Re1 Ne8 16. Bxg7 Nxg7 17. e5 Rc4 18. Qd2 Nf5 19. Re4 Rac8 20. Rae1 h5 21. Rxc4 Rxc4 22. e6 Nc5 23. exf7+ Kxf7 24. Qe2 Rxf4 25.
Ne4 Nxe4 26. Bxe4 Nd4 27. Qe3 Rxe4 28. Qxe4 Qxe1+ 29. Qxe1 Nf3+ 30. Kf1 Nxe1 31. Kxe1 Kf6 0-1

[Event "*** Titled Tuesday Blitz"]
[Site "Chess.com"]
[Date "2019.09.03"]
[Round "8"]
[White "NemtsevIgor"]
[Black "Colombiano07"]
[Result "1-0"]
[WhiteElo "2306"]
[BlackElo "2181"]
[TimeControl "180+2"]
[EndTime "16:51:19 PDT"]
[Termination "NemtsevIgor won by resignation"]

1. d3 d5 2. c3 e5 3. Nd2 Nc6 4. h3 g6 5. g4 Bg7 6. Bg2 Be6 7. Nf1 Nf6 8. Nf3 h6 9. Ng3 e4 10. dxe4 dxe4 11. Nd4 Nxd4 12. cxd4 Bd5 13. g5 hxg5 14. Bxg5 e3 15. Bxd5 Qxd5 16. Bxe3 Ne4 17. Qb3 Qxb3 18. axb3 Nxg3 19. fxg3 a6 20. h4 O-O-O 21. Rd1 Rhe8 22. Kf2 Re4 23. Kf3 f5 24. h5 gxh5 25. Rxh5 Bxd4 26. Bxd4 Rdxd4 27. Rxd4 Rxd4 28. Rxf5 Rb4 29. g4 Rxb3+ 30. e3 Rxb2 31. g5 Rb1 32. Kg4 Rg1+ 33. Kh5 b5 34. g6 Rh1+ 35. Kg5 b4 36. g7 Rg1+ 37. Kf6 Rxg7 38. Kxg7 b3 39. e4 Kd7 40.
Kf7 c5 41. e5 b2 42. e6+ Kd6 43. Rf1 c4 44. e7 c3 45. e8=Q 1-0

[Event "*** Titled Tuesday Blitz"]
[Site "Chess.com"]
[Date "2019.09.03"]
[Round "8"]
[White "Potosino1970"]
[Black "ALEXJR20"]
[Result "1-0"]
[WhiteElo "2546"]
[BlackElo "2235"]
[TimeControl "180+2"]
[EndTime "16:51:24 PDT"]
[Termination "Potosino1970 won on time"]

1. d4 d5 2. Nf3 Nf6 3. c4 e6 4. Nc3 c6 5. e3 Nbd7 6. Bd3 dxc4 7.
Bxc4 b5 8. Bd3 Bd6 9. O-O O-O 10. h3 Bb7 11. Qe2 a6 12. Rd1 Qc7 13. e4 e5 14. Bg5 h6 15. dxe5 Bxe5 16. Nxe5 Qxe5 17.
Be3 c5 18. f4 Qe7 19. e5 c4 20. exf6 Nxf6 21. Bc2 Rfe8 22. Re1 b4 23. Na4 Nd5 24. Qxc4 Nxe3 25. Qd3 g6 26. Bb3 Rad8 27. Qxg6+ Kh8 28.
Qxh6+ Kg8 29. f5 Rd6 30. Qh5 Qe4 31. Qxf7+ Kh8 32. Qh5+ Kg7 33. Qg5+ Kh7 34. Nc5 Qxg2+ 35. Qxg2 Bxg2 36. Ne6 Bxh3 37. Ng5+ Kg7 38. Nxh3 1-0

[Event "*** Titled Tuesday Blitz"]
[Site "Chess.com"]
[Date "2019.09.03"]
[Round "8"]
[White "chorejason"]
[Black "bluejay1897"]
[Result "0-1"]
[WhiteElo "2109"]
[BlackElo "2293"]
[TimeControl "180+2"]
[EndTime "16:51:24 PDT"]
[Termination "bluejay1897 won by resignation"]

1. e4 c5 2. Nf3 e6 3. d4 cxd4 4. Nxd4 Nc6 5. Nc3 a6 6. Be2 Qc7 7. O-O Nf6 8. Be3 Bb4 9. Na4 O-O 10. Bd3 b5 11. Nxc6 dxc6 12. Nb6 Rb8 13. Nxc8 Rbxc8 14. c3 Bd6 15. f4 e5 16. f5 h6 17. Qf3 c5 18. c4 Rfd8 19. cxb5 c4 20. b6 Qb7 21. Bc2 Bc5 22. Bxc5 Rxc5 23. Rad1 Qxb6 24. Rxd8+ Qxd8 25. Rd1 Qb6 26. Kh1 Qxb2 27. Bb1 c3 0-1

[Event "*** Titled Tuesday Blitz"]
[Site "Chess.com"]
[Date "2019.09.03"]
[Round "8"]
[White "newauto"]
[Black "Bishops83"]
[Result "0-1"]
[WhiteElo "1945"]
[BlackElo "2214"]
[TimeControl "180+2"]
[EndTime "16:51:25 PDT"]
[Termination "Bishops83 won by resignation"]

1. e4 c5 2. Nf3 g6 3. c3 Bg7 4. d4 cxd4 5. cxd4 d5 6. e5 Bg4 7. Nc3 Nc6 8. Bb5 Nh6 9. O-O O-O 10. Bxc6 bxc6 11. h3 Bxf3 12. Qxf3 Nf5 13. Be3 c5 14.
Ne2 cxd4 15. Nxd4 Nxe3 16. Qxe3 Qb6 17. b3 Rac8 18. f4 e6 19. Rac1 Qa5 20. Qe2 Rc3 21.
Nb5 Rxc1 22. Rxc1 f6 23. Nd6 fxe5 24. fxe5 Qb6+ 25. Kh1 Bh6 26. Rf1 Qd4 27. Rxf8+ Bxf8 28. Qf3 Qa1+ 29. Kh2 Qxe5+ 30. g3 Bxd6 31. h4 d4 32. Qd3 Qe3 0-1

[Event "*** Titled Tuesday Blitz"]
[Site "Chess.com"]
[Date "2019.09.03"]
[Round "8"]
[White "hansen"]
[Black "YQPerez"]
[Result "0-1"]
[WhiteElo "2876"]
[BlackElo "2805"]
[TimeControl "180+2"]
[EndTime "16:51:26 PDT"]
[Termination "YQPerez won on time"]

1. e4 e5 2. Nf3 Nc6 3. Bb5 a6 4. Ba4 Nf6 5. O-O b5 6. Bb3 Bb7 7. d3 Be7 8. a3 O-O 9. Nc3 d6 10. Bd2 Qd7 11. Nd5 Nxd5 12. exd5 Nd4 13. Nxd4 exd4 14.
Qf3 Bf6 15. Rfe1 Rfe8 16. h3 Rxe1+ 17. Bxe1 Re8 18. a4 bxa4 19. Bc4 c5 20. dxc6 Bxc6 21. Qh5 Qb7 22. Rb1 a3 23. Bb3 axb2 24. Bd2 g6 25.
Qg4 a5 26. Bxa5 Ra8 27. Bd2 Ra1 28. Qd1 Bxg2 29. Rxa1 bxa1=Q 30. Qxa1 Bxh3 0-1

[Event "*** Titled Tuesday Blitz"]
[Site "Chess.com"]
[Date "2019.09.03"]
[Round "8"]
[White "Vasily_Papin"]
[Black "Ali_rastbod"]
[Result "1-0"]
[WhiteElo "2672"]
[BlackElo "2700"]
[TimeControl "180+2"]
[EndTime "16:51:35 PDT"]
[Termination "Vasily_Papin won by resignation"]

1. c4 g6 2. g3 Bg7 3. Bg2 e5 4. Nc3 Nc6 5. Rb1 d6 6. b4 Nge7 7. d3 O-O 8. e3 Rb8 9. Nge2 Be6 10.
O-O d5 11. b5 Na5 12. cxd5 Nxd5 13. Ne4 b6 14. Ba3 Re8 15. Qc2 Rc8 16. Rfd1 f5 17. Nd2 Nb7 18. Qa4 Ra8 19. Rbc1 Bf8 20. e4 Bxa3 21. Qxa3 fxe4 22. Nxe4 Rb8 23. d4 exd4 24.
Nxd4 Bg4 25. Nc6 Qd7 26. Rxd5 1-0

[Event "*** Titled Tuesday Blitz"]
[Site "Chess.com"]
[Date "2019.09.03"]
[Round "8"]
[White "a_kandil"]
[Black "IMRosen"]
[Result "1-0"]
[WhiteElo "2429"]
[BlackElo "2571"]
[TimeControl "180+2"]
[EndTime "16:51:42 PDT"]
[Termination "a_kandil won on time"]

1. e4 e5 2. Nf3 Nf6 3. Nxe5 Nc6 4. Nxc6 dxc6 5. Nc3 Bc5 6. Be2 h5 7. d3 Ng4 8. Bxg4 hxg4 9. Be3 Bxe3 10. fxe3 Qh4+ 11. Kd2 Be6 12. g3 Qg5 13. Qf1 O-O-O 14. Qf4 Qa5 15.
a3 c5 16. Rad1 b5 17. Qe5 Qb6 18. b4 cxb4 19. axb4 a6 20. Ne2 f6 21. Qf4 c5 22.
bxc5 Qxc5 23. Nd4 Bd7 24. Rb1 Kb7 25. Ke2 Rc8 26. Rb3 Qb6 27. Rb2 g5 28. Qf2 Rc5 29. Rf1 a5 30. Rfb1 b4 31. Nb3 Re5 32. d4 Bb5+ 33.
Ke1 Re7 34. Nc5+ Ka7 35. Ra1 Bc4 36. Qd2 Rb8 37. Rxb4 Qxb4 38. Rxa5+ 1-0

[Event "*** Titled Tuesday Blitz"]
[Site "Chess.com"]
[Date "2019.09.03"]
[Round "8"]
[White "Kazmin_Dmitrij"]
[Black "ferdipy"]
[Result "1-0"]
[WhiteElo "2298"]
[BlackElo "2159"]
[TimeControl "180+2"]
[EndTime "16:51:46 PDT"]
[Termination "Kazmin_Dmitrij won by resignation"]

1. e4 e6 2. Nf3 c5 3. e5 Nc6 4. g3 Qc7 5. Qe2 g6 6. d3 Bg7 7. Bf4 h6 8. h4 Nge7 9. Nc3 a6 10. Ne4 Nxe5 11. Nxe5 Bxe5 12. Nf6+ Kf8 13. Bxe5 Qc6 14. Rg1 d6 15. Bg2 Qc7 16. Nd7+ Bxd7 17.
Bxh8 e5 18. f4 Kg8 19. Bf6 Nf5 20. fxe5 Re8 21. c3 dxe5 22. g4 Nd6 23. Qe3 Qb6 24.
Qxh6 1-0

[Event "*** Titled Tuesday Blitz"]
[Site "Chess.com"]
[Date "2019.09.03"]
[Round "8"]
[White "Induwara_IM"]
[Black "kinga2008"]
[Result "0-1"]
[WhiteElo "2353"]
[BlackElo "1938"]
[TimeControl "180+2"]
[EndTime "16:51:48 PDT"]
[Termination "kinga2008 won by checkmate"]

1. d4 Nf6 2. c4 g6 3. Nc3 Bg7 4. e4 d6 5. h3 O-O 6. Be3 Nbd7 7.
g4 e5 8. d5 h5 9. f3 Nh7 10.
Qd2 Ndf6 11. O-O-O a6 12. Kb1 Bd7 13. c5 b5 14.
cxb6 cxb6 15. Bd3 b5 16. Nge2 b4 17. Rc1 bxc3 18. Nxc3 Qa5 19. Bc4 Rfb8 20. Bb3 Qb4 21. Ne2 Qxd2 22. Bxd2 Rc8 23. Ba5 Ng5 24. Rcf1 Bb5 25. Rh2 Bd3+ 26. Ka1 Nxf3 27. Rxf3 Bxe2 28. Rc3 Nxe4 29. Rxe2 Nxc3 30. bxc3 hxg4 31. hxg4 Kf8 32. Kb2 Ke7 33. Ba4 Rc4 34. Bc6 Rb8+ 35. Ka3 Rxg4 36. Bc7 Rc8 37. Bb6 f5 38. Rh2 Rh8 39. Rb2 Rb8 40. Rb3 Rc4 41. Ba5 Rxb3+ 42. axb3 Rh4 43.
Bb7 Rh8 44. b4 e4 45. Kb3 Rh3 46. b5 axb5 47. Bc6 e3 48. Bxb5 f4 49. Kc2 f3 50.
Kd3 e2 51. Kd2 Rh1 52. c4 e1=Q+ 53. Kd3 Qe2# 0-1

[Event "*** Titled Tuesday Blitz"]
[Site "Chess.com"]
[Date "2019.09.03"]
[Round "8"]
[White "NicoChasin"]
[Black "Jenia84"]
[Result "1-0"]
[WhiteElo "2476"]
[BlackElo "2255"]
[TimeControl "180+2"]
[EndTime "16:51:51 PDT"]
[Termination "NicoChasin won by resignation"]

1. c4 Nf6 2. Nc3 e5 3. g3 Bb4 4.
Bg2 O-O 5. Nf3 Nc6 6. O-O d5 7. cxd5 Nxd5 8. Nxe5 Nxc3 9. Nxc6 Nxe2+ 10. Qxe2 bxc6 11.
Bxc6 Bh3 12. Bg2 Bxg2 13. Kxg2 Qd5+ 14. Qf3 Qxf3+ 15. Kxf3 Rad8 16. Rd1 Rd3+ 17. Ke2 Rfd8 18. a3 Be7 19. b4 Bf6 20. Ra2 h5 21. Rc2 R3d7 22.
d3 Re8+ 23. Be3 Bd4 24. Kf3 Bxe3 25. fxe3 g5 26. e4 Kg7 27. Rc5 Kg6 28. d4 Re6 29.
e5 Ra6 30. Rc3 f5 31. d5 Re7 32. e6 Kf6 33. h4 gxh4 34. gxh4 Ke5 35. Re3+ Kd6 36.
Kf4 c6 37. dxc6+ Kxc6 38. Kxf5 Rb6 39. Kf6 Re8 40. e7 1-0

[Event "*** Titled Tuesday Blitz"]
[Site "Chess.com"]
[Date "2019.09.03"]
[Round "8"]
[White "HouseOfDurin"]
[Black "chickencrossroad"]
[Result "1-0"]
[WhiteElo "2053"]
[BlackElo "2501"]
[TimeControl "180+2"]
[EndTime "16:51:54 PDT"]
[Termination "HouseOfDurin won by checkmate"]

1. d4 d5 2. Bg5 Nf6 3. Bxf6 exf6 4. e3 Bd6 5. c4 dxc4 6. Bxc4 O-O 7. Nc3 Nd7 8. Nge2 f5 9. O-O Nf6 10. g3 b6 11. Bd3 g6 12. e4 fxe4 13. Nxe4 Bb7 14. N2c3 Re8 15. Re1 Bb4 16. Qf3 Nxe4 17. Bxe4 Bxc3 18.
bxc3 Rxe4 19. Rxe4 Qd5 20. Rae1 Rf8 21. Qf6 Qxa2 22. Re8 Qa3 23. Qd8 Kg7 24. Rxf8 Qxf8 25. Re8 Qd6 26. Rg8+ Kh6 27. Qh4# 1-0

[Event "*** Titled Tuesday Blitz"]
[Site "Chess.com"]
[Date "2019.09.03"]
[Round "8"]
[White "chesstatour"]
[Black "JMatias"]
[Result "0-1"]
[WhiteElo "2021"]
[BlackElo "2347"]
[TimeControl "180+2"]
[EndTime "16:51:55 PDT"]
[Termination "JMatias won on time"]

1. c4 e6 2. d4 c5 3. Nf3 Nf6 4.
Nc3 cxd4 5. Nxd4 Bb4 6. Nc2 Bxc3+ 7. bxc3 O-O 8. g3 Qc7 9. Ne3 d6 10. Bg2 Na6 11. O-O Nc5 12. Qc2 Bd7 13. Rb1 Bc6 14.
f3 Ba4 15. Qb2 Rac8 16. Nc2 b6 17. Nd4 Ncd7 18. Qa3 Qxc4 19. Rb4 Qxc3 20. Qxc3 Rxc3 21. Rxa4 a5 22. Bd2 Rc7 23. Rb1 Rfc8 24. Ra3 d5 25. Kf2 e5 26. Nf5 Kf8 27. Nd6 Rd8 28. Nb5 Rc2 29. Ke1 Rdc8 30. h4 Ke7 31. Be3 d4 32. Bg5 h6 33. Bxf6+ gxf6 34. Kf1 Rd2 35. Rd3 Rxa2 36.
Na7 Rcc2 37. f4 Rxe2 38. Bf3 Rf2+ 39. Kg1 Nc5 0-1

[Event "*** Titled Tuesday Blitz"]
[Site "Chess.com"]
[Date "2019.09.03"]
[Round "8"]
[White "champ2005"]
[Black "Witik"]
[Result "0-1"]
[WhiteElo "2828"]
[BlackElo "2578"]
[TimeControl "180+2"]
[EndTime "16:52:00 PDT"]
[Termination "Witik won by resignation"]

1. Nf3 Nf6 2. c4 g6 3. Nc3 Bg7 4. e4 d6 5. d4 O-O 6. Be2 e5 7. O-O Nc6 8. d5 Ne7 9. Ne1 Nd7 10. Nd3 a5 11. Be3 f5 12. f3 b6 13. a3 f4 14. Bf2 g5 15. b4 Rf6 16.
c5 Rh6 17. cxd6 cxd6 18. Rc1 axb4 19. axb4 Qe8 20. Nb5 Qh5 21. h3 Nc5 22. h4 Ng6 23.
bxc5 Nxh4 24. Bxh4 Qxh4 25. cxd6 Qh2+ 26. Kf2 Qg3+ 27.
Kg1 Rh2 28. Rxc8+ Rxc8 29. Ne1 Qh4 0-1

[Event "*** Titled Tuesday Blitz"]
[Site "Chess.com"]
[Date "2019.09.03"]
[Round "8"]
[White "Mr_Penings"]
[Black "liczner"]
[Result "1-0"]
[WhiteElo "2523"]
[BlackElo "2694"]
[TimeControl "180+2"]
[EndTime "16:52:02 PDT"]
[Termination "Mr_Penings won on time"]

1. c4 Nf6 2. Nc3 e5 3. Nf3 Nc6 4. g3 d5 5. cxd5 Nxd5 6. Bg2 Nb6 7. O-O Be7 8. Rb1 O-O 9. b4 Bxb4 10. Nxe5 Nxe5 11.
Rxb4 Nc6 12. Rh4 Bf5 13. d3 Bg6 14. Bb2 Re8 15. Ne4 Nd4 16. Nf6+ Qxf6 17. Bxd4 Qe6 18. Bxb7 Rad8 19. Bf3 Qxa2 20. Qc1 Rxe2 21. Bxe2 Qxe2 22. Qxc7 Re8 23. Qxa7 Bxd3 24. Rc1 Nc4 25. Rf4 Bg6 26. Bc3 Nd6 27. Qd4 1-0

[Event "*** Titled Tuesday Blitz"]
[Site "Chess.com"]
[Date "2019.09.03"]
[Round "8"]
[White "Iustin106"]
[Black "Sutormin_DA"]
[Result "1-0"]
[WhiteElo "2512"]
[BlackElo "2601"]
[TimeControl "180+2"]
[EndTime "16:52:03 PDT"]
[Termination "Iustin106 won on time"]

1. d4 Nf6 2. c4 g6 3. Nc3 Bg7 4. e4 d6 5. Nf3 O-O 6. h3 e5 7. d5 a5 8. Be3 Na6 9. g4 Nd7 10. a3 Nac5 11. Rg1 Kh8 12. Nd2 f5 13. gxf5 gxf5 14.
exf5 Nf6 15. b4 axb4 16. axb4 Rxa1 17. Qxa1 Na6 18. Qb1 e4 19. Ndxe4 Bxf5 20. Bd3 Nxe4 21. Nxe4 Qh4 22. Ng5 Bxd3 23. Qxd3 Nxb4 24. Qb1 Bc3+ 25. Kd1 Qh5+ 26. Rg4 Ra8 27. Qf5 1-0

[Event "*** Titled Tuesday Blitz"]
[Site "Chess.com"]
[Date "2019.09.03"]
[Round "8"]
[White "promen1999"]
[Black "Hrant_ChessMood"]
[Result "1-0"]
[WhiteElo "2767"]
[BlackElo "2866"]
[TimeControl "180+2"]
[EndTime "16:52:06 PDT"]
[Termination "promen1999 won on time"]

1. d4 Nf6 2. c4 g6 3. Nc3 Bg7 4. e4 d6 5. h3 O-O 6. Be3 Na6 7. Nf3 c5 8. d5 e6 9. Bd3 exd5 10. exd5 Nb4 11. Bb1 b5 12. a3 bxc4 13. axb4 cxb4 14. Ne2 Bb7 15. Bd4 a5 16. O-O Re8 17. Nf4 Rc8 18.
Bc2 b3 19. Bb1 Ra8 20. Ra4 Ba6 21. Bc3 Bb5 22. Ra3 a4 23. Nd4 Bd7 24. Nc6 Qb6 25.
Qf3 Bxc6 26. dxc6 Qc5 27. c7 d5 28. Rd1 Qc6 29. g4 Rac8 30. g5 Ne4 31. Bxg7 Kxg7 32. Rxd5 Nxg5 33. Qc3+ Qf6 34. Nh5+ Kh6 35. Nxf6 1-0

[Event "*** Titled Tuesday Blitz"]
[Site "Chess.com"]
[Date "2019.09.03"]
[Round "8"]
[White "wonderfultime"]
[Black "bubacik"]
[Result "1/2-1/2"]
[WhiteElo "2940"]
[BlackElo "2748"]
[TimeControl "180+2"]
[EndTime "16:52:09 PDT"]
[Termination "Game drawn by repetition"]

1. d4 Nf6 2. Nf3 d5 3. Bf4 g6 4. h3 Bg7 5. e3 O-O 6. Be2 b6 7.
O-O Bb7 8. a4 Nc6 9. Nbd2 Re8 10.
c3 Ne4 11. Bh2 e5 12. dxe5 Nxe5 13. a5 Nxd2 14. Qxd2 Nc4 15. Bxc4 dxc4 16. Qxd8 Raxd8 17. Bxc7 Rc8 18. axb6 axb6 19. Bxb6 Bxf3 20. gxf3 Rb8 21.
Bd4 Rxb2 22. Ra4 Rc8 23. Rc1 Bxd4 24. exd4 Rd2 25. Re1 Rb8 26. Rxc4 Rbb2 27. Rf1 Rbc2 28. Kg2 Rd3 29. Kg3 Kg7 30. Kf4 Rcxc3 31. Rxc3 Rxc3 32.
Re1 Kf6 33. Ra1 Rc2 34. Ke3 Rc3+ 35. Ke4 Rc2 36. Ra6+ Ke7 37. Ra7+ Kf6 38. Ra6+ Ke7 39. Ke3 Rc3+ 40. Ke4 Rc2 1/2-1/2

[Event "*** Titled Tuesday Blitz"]
[Site "Chess.com"]
[Date "2019.09.03"]
[Round "8"]
[White "novocane"]
[Black "jorquerino"]
[Result "0-1"]
[WhiteElo "2188"]
[BlackElo "2313"]
[TimeControl "180+2"]
[EndTime "16:52:10 PDT"]
[Termination "jorquerino won on time"]

1. d4 Nf6 2. c4 d6 3. Nc3 e5 4.
d5 Be7 5. e4 O-O 6. f3 Ne8 7.
Nge2 Bg5 8. Ng3 Bxc1 9. Rxc1 a5 10. Bd3 Nd7 11. O-O Nc5 12. a3 g6 13. b4 axb4 14. axb4 Nxd3 15. Qxd3 Ng7 16. c5 f5 17. Qc4 f4 18.
Nh1 h5 19. Nf2 g5 20. cxd6 cxd6 21. Nb5 g4 22. fxg4 hxg4 23. g3 Nh5 24. Qc7 Qg5 25. Nxd6 fxg3 26. hxg3 Nxg3 27. Rfe1 Qf4 28. Nd3 Qf3 0-1

[Event "*** Titled Tuesday Blitz"]
[Site "Chess.com"]
[Date "2019.09.03"]
[Round "8"]
[White "MarshKnight"]
[Black "StoreySniper"]
[Result "1-0"]
[WhiteElo "2207"]
[BlackElo "2342"]
[TimeControl "180+2"]
[EndTime "16:52:13 PDT"]
[Termination "MarshKnight won by resignation"]

1. e4 e6 2. d4 d5 3. Nc3 Nf6 4. Bg5 dxe4 5. Nxe4 Nbd7 6. Nf3 Be7 7. Nxf6+ Bxf6 8.
h4 b6 9. Bd3 Bb7 10. Qe2 Qe7 11. O-O-O O-O-O 12. Kb1 Kb8 13. Rhe1 Bxg5 14. hxg5 h6 15.
g6 fxg6 16. Qxe6 Qxe6 17. Rxe6 Bxf3 18. gxf3 Nf8 19. Re7 Rh7 20. Rde1 Kb7 21. Be4+ Kc8 22. Bc6 Nd7 23. Rf7 Nb8 24. Be4 Rxd4 25. Rf8+ Rd8 26.
Bb7+ Kxb7 27. Rxd8 h5 28. Ree8 Na6 29. f4 h4 30. Rh8 Rh5 31. Rxh5 gxh5 32. Rh8 g6 33. f5 gxf5 34. Rxh5 Nc5 35. Rxf5 Ne4 36. Rf4 Nd6 37. Rxh4 Kc6 38. Kc1 a5 39. Kd2 a4 40.
Rh5 b5 41. a3 Nc4+ 42. Kc3 Nd6 43. f4 Kb6 44. f5 Ne4+ 45. Kd4 Ng3 46. Rh6+ c6 47. Ke5 1-0

[Event "*** Titled Tuesday Blitz"]
[Site "Chess.com"]
[Date "2019.09.03"]
[Round "8"]
[White "xberli"]
[Black "grzechu96"]
[Result "0-1"]
[WhiteElo "2468"]
[BlackElo "2605"]
[TimeControl "180+2"]
[EndTime "16:52:14 PDT"]
[Termination "grzechu96 won by resignation"]

1. e4 c5 2. Nf3 d6 3. d4 cxd4 4.
Nxd4 a6 5. Bd3 Nc6 6. Be3 Nf6 7. O-O Ng4 8. Nxc6 bxc6 9. Bf4 e5 10. Bg3 h5 11. h3 h4 12. hxg4 hxg3 13. fxg3 d5 14.
Kf2 Qb6+ 15. Ke1 Qe3+ 16. Qe2 Qxg3+ 17. Qf2 Qxf2+ 18. Rxf2 Bc5 19. Rf1 Bxg4 20. Nd2 Ke7 21. Nf3 f6 22. Kd2 a5 23. Rae1 Kd6 24. Kc1 a4 25. a3 Rab8 26. c3 Rb7 27. Re2 Rbb8 28.
Bc2 Ra8 29. Rd1 Be6 30. Bb1 Ke7 31. Bc2 g5 32. Bb1 g4 33. Nd2 Rh2 34. Bc2 Bb6 35. Rf1 Bc5 36. Rd1 Bc8 37. Bd3 Bb7 38. Nf1 Rh1 39.
Bc2 Ba6 40. Ree1 Bf2 41. exd5 cxd5 42. Ne3 Rxe1 43. Nxd5+ Kd6 0-1